 Dungeon Crawl Stone Soup version 0.32-a0-675-gdc239d62e1 (webtiles) character file.

Game seed: 6021600977382074149

15406 garrulousMonolith the Cleaver (level 12, 0/105 HPs)
             Began as a Mountain Dwarf Fighter on Mar 11, 2024.
             Was an Elder of Beogh.
             Slain by a cane toad (14 damage)
             ... on level 1 of the Lair of Beasts.
             The game lasted 00:16:45 (10654 turns).

garrulousMonolith the Cleaver (MDFi)               Turns: 10654, Time: 00:16:45

Health: 0/105      AC: 18    Str: 21    XL:     12   Next: 0%
Magic:  16/19      EV:  7    Int: 10    God:    Beogh [****..]
Gold:   411        SH: 11    Dex: 15    Spells: 11/11 levels left

rFire   + . .        t - +11 whip of Revolt {venom, Dex+4}
rCold   . . .        G - +0 kite shield
rNeg    . . .        q - +0 chain mail
rPois   +            w - +2 helmet of Wariness {rPois}
rElec   .            (no cloak)
rCorr   .            s - +0 pair of gloves
SInv    .            Q - +1 pair of boots
Will    +....        (no amulet) Stlth
                     L - ring of protection from fire
HPRegen 0.37/turn    v - ring of flight
MPRegen 0.16/turn

%: no passive effects
@: flying
A: runic magic, artefact enchanting
a: Renounce Religion, Smiting, Recall Apostles, Dismiss Spirok, wizard, Dismiss
Bolgrim, warrior


You were on level 1 of the Lair of Beasts.
You worshipped Beogh.
Beogh was greatly pleased with you.
You visited 2 branches of the dungeon, and saw 11 of its levels.
You also visited: Sewer.

You collected 541 gold pieces.
You spent 130 gold pieces at shops.

Inventory:

Hand Weapons
 a - a +0 war axe
 t - the +11 whip of Revolt (weapon) {venom, Dex+4}
   (You found it on level 3 of the Dungeon)

   Dex+4:     It affects your dexterity (+4).
Missiles
 j - 30 poisoned darts (quivered)
 S - 6 javelins
Armour
 q - a +0 chain mail (worn)
 s - a +0 pair of gloves (worn)
 w - the +2 helmet of Wariness (worn) {rPois}
   (You took it off Robin on level 4 of the Dungeon)

   rPois:     It protects you from poison.
 G - a +0 kite shield (worn)
 H - a +0 troll leather armour
 Q - a +1 pair of boots (worn)
Jewellery
 k - a ring of poison resistance
 v - a ring of flight (right hand)
 F - a ring of wizardry
 L - a ring of protection from fire (left hand)
 N - a ring of magical power
 R - a ring of protection from fire
Wands
 c - a wand of charming (1)
 C - a wand of acid (9)
 I - a wand of iceblast (8)
 M - a wand of polymorph (3)
 O - a wand of mindburst (4)
Scrolls
 d - a scroll of summoning {unknown}
 f - a scroll of fog
 h - a scroll of blinking {unknown}
 i - a scroll of immolation {unknown}
 p - a scroll of silence {unknown}
 r - a scroll of poison
 u - 2 scrolls of fear {unknown}
 y - a scroll of enchant armour {unknown}
 A - a scroll of amnesia
 B - 2 scrolls of enchant weapon
 D - 2 scrolls of teleportation {unknown}
 J - a scroll of identify
Potions
 b - 4 potions of resistance
 e - 5 potions of curing
 g - 2 potions of magic {unknown}
 l - a potion of haste
 m - 3 potions of mutation
 n - 2 potions of heal wounds
 o - 2 potions of berserk rage
 x - 2 potions of cancellation
 z - 2 potions of brilliance
 E - 3 potions of lignification
 K - a potion of invisibility {unknown}
 P - a potion of might


   Skills:
 + Level 9.6 Fighting
 * Level 13.8 Axes
 + Level 9.6 Armour
 + Level 9.3 Shields
 + Level 10.2 Invocations


You had 11 spell levels left.
You didn't know any spells.
Your spell library contained the following spells:

 Spells                   Type           Power      Damage    Failure   Level
 Magic Dart               Conj           0%         1d3       73%         1
 Blink                    Tloc           0%         N/A       86%         2
 Lesser Beckoning         Tloc           0%         N/A       86%         2
 Momentum Strike          Conj/Tloc      0%         3d8       86%         2
 Searing Ray              Conj           0%         2d4       86%         2
 Tukima's Dance           Hex            0%         N/A       97%         3
 Animate Dead             Necr           0%         N/A       100%        4
 Brom's Barrelling Bould  Conj/Erth      0%         2d3       100%        4
 Fulminant Prism          Conj/Alch      0%         3d5       100%        4
 Passage of Golubria      Tloc           0%         N/A       100%        4
 Fireball                 Conj/Fire      0%         3d3       100%        5
 Iskenderun's Battlesphe  Conj           0%         2d6       100%        5
 Yara's Violent Unravell  Hex/Alch       0%         3d3       100%        5
 Conjure Ball Lightning   Conj/Air       0%         3x3d6     100%        6
 Haunt                    Necr/Summ      0%         N/A       100%        7
 Orb of Destruction       Conj           0%         9d5       100%        7
 Infestation              Necr           0%         N/A       100%        8


Dungeon Overview and Level Annotations

Branches:
Dungeon (10/15)            Temple (0/1) D:6            Lair (1/5) D:8
    Orc (0/2) D:9           Sewer (visited)

Altars:
Ashenzari
Cheibriados
Fedhas
Hepliaklqana
Qazlal
Ru
Trog
Uskayaw
Yredelemnul
Zin
The Shining One
Beogh

Shops:
D:1 !   D:6 *


Innate Abilities, Weirdness & Mutations

Your facial features are unmistakably orcish.
Your spellcasting is much less encumbered by armour.
You can use scrolls of enchantment on lesser artefacts.


Message History

The cane toad stings you!
The water moccasin bites you but does no damage.
A rime drake comes into view.
The cane toad stings you but does no damage.
The water moccasin bites you but does no damage.
The cane toad stings you but does no damage.
The water moccasin bites you but does no damage.
The cane toad stings you but does no damage.
The water moccasin bites you.
The wyvern bites you but does no damage.
The catoblepas gores you!!
The water moccasin bites you but does no damage.
The cane toad stings you! The wyvern bites you.
The wyvern stops moving altogether!
The water moccasin bites you.
The catoblepas gores you but does no damage.
The cane toad stings you but does no damage.
You turn to flesh and can move again.
Aiming: Smiting
Press: ? - help, Dir - move target, f - catoblepas Smite: a catoblepas You smite the catoblepas!!
The catoblepas is moderately wounded.
Spirok is no longer petrified.
The water moccasin bites you! You block the cane toad's attack.
The cane toad stings you but does no damage.
Spirok barely misses the water moccasin.
The catoblepas gores you!
* * * LOW HITPOINT WARNING * * *
The water moccasin bites you.
* * * LOW HITPOINT WARNING * * *
The cane toad attacks as it pursues you!
The cane toad stings you!
* * * LOW HITPOINT WARNING * * *
Spirok points at the water moccasin and mumbles some strange words.
The sting hits the water moccasin!
The water moccasin partially resists.
The water moccasin is poisoned.
The water moccasin barely misses Spirok.
The catoblepas gores you but does no damage.
The rime drake bites Spirok.
The cane toad stings you!
You die...

♣~≈~ ~~P~ .~.P. ###
######
.....###.####.##.########
.........................
...........)...).........
#>.....F...†.............
#......F@................
......kYSoo..............
#.......k†...............
....S.......?............
.........................
.........................
.........................
#........................
.........


You could see a catoblepas, 2 cane toads, a rime drake, 2 water moccasins, a
wyvern (petrified), the friendly Bolgrim the orc apostle (petrified) and the
friendly Spirok the orc apostle.

Vanquished Creatures
  Snorg (D:10)
  A two-headed ogre (D:8)
  A boulder beetle (D:9)
  Urug (Lair:1)
  Maurice (D:10)
  Jeremiah (D:7)
  Maggie (D:8)
  A rime drake (D:8)
  An unseen horror zombie (D:8)
  A troll (D:8)
  Grinder (D:6)
  Sigmund (D:6)
  3 wyverns
  A wraith (D:9)
  2 fire bats (Lair:1)
  Eustachio (D:6)
  13 yaks
  Menkaure (D:6)
  Duvessa (D:4)
  2 acid dragons
  4 water moccasins
  2 black bears
  4 ice beasts (D:8)
  An orc warrior (D:9)
  A hornet zombie (D:8)
  2 wolves (D:8)
  4 centaurs
  An ogre (D:6)
  A phantom (D:4)
  6 kobold brigands
  4 bullfrogs
  4 scorpions
  A gnoll sergeant (D:8)
  7 wights
  Dowan (D:4)
  A howler monkey (D:9)
  A lava snake (Lair:1)
  A bombardier beetle (D:6)
  3 gnoll boudas
  A jelly (D:4)
  2 hounds (D:5)
  3 orc priests
  2 sleepcaps
  11 orc wizards
  2 iguanas
  Robin (D:4)
  5 adders
  22 gnolls
  2 river rats (D:4)
  A shadow imp (D:5)
  A white imp (D:7)
  4 dart slugs
  21 orcs
  7 ball pythons
  8 bats
  3 endoplasms
  3 giant cockroaches
  13 hobgoblins
  7 jackals
  A quokka (D:5)
  9 frilled lizards
  20 goblins
  20 kobolds
  9 rats
263 creatures vanquished.

Vanquished Creatures (collateral kills)
  A deep elf pyromancer (D:10)
  2 black mambas (Lair:1)
  A cane toad (Lair:1)
  4 yaks
  A shadow (D:10)
  2 wyverns (Lair:1)
  2 fire bats (Lair:1)
  A steam dragon (D:9)
  A fire elemental (Lair:1)
  A basilisk (Lair:1)
  2 acid dragons (D:9)
  A centaur (D:9)
  2 bullfrogs (D:9)
  A howler monkey (D:9)
  An orc priest (D:9)
  2 orcs (D:9)
25 creatures vanquished.

Vanquished Creatures (others)
  A yak (D:8)
  An orc (D:4)
2 creatures vanquished.

Grand Total: 290 creatures vanquished

Notes
Turn   | Place    | Note
-------+----------+-------------------------------------------
     0 | D:1      | garrulousMonolith the Mountain Dwarf Fighter began the
                  | quest for the Orb.
     0 | D:1      | Reached XP level 1. HP: 19/19 MP: 1/1
    90 | D:1      | Reached XP level 2. HP: 23/26 MP: 2/2
   240 | D:1      | Reached skill level 3 in Axes
   267 | D:1      | Reached skill level 1 in Invocations
   411 | D:1      | Found Vearhoco's Distillery.
   672 | D:2      | Reached XP level 3. HP: 31/31 MP: 3/3
  1578 | D:1      | Bought a potion of berserk rage for 65 gold pieces
  1578 | D:1      | Bought a potion of heal wounds for 65 gold pieces
  1664 | D:3      | Found a blossoming altar of Fedhas.
  1918 | D:3      | Noticed a scorpion
  1922 | D:3      | Killed a scorpion
  1923 | D:3      | Reached skill level 4 in Axes
  1923 | D:3      | Reached XP level 4. HP: 37/40 MP: 5/5
  2110 | D:3      | Reached XP level 5. HP: 44/46 MP: 6/6
  2111 | D:3      | Identified the +11 whip of Revolt {venom, Dex+4}
  2704 | D:4      | Identified the +2 helmet of Wariness {rPois}
  2704 | D:4      | Noticed Robin
  2710 | D:4      | Noticed Duvessa
  2710 | D:4      | Noticed Dowan
  2773 | D:4      | Killed Duvessa
  2774 | D:4      | Reached skill level 5 in Axes
  2774 | D:4      | Reached XP level 6. HP: 38/53 MP: 6/8
  2781 | D:4      | Killed Dowan
  2788 | D:4      | Killed Robin
  2807 | D:4      | Found a glowing silver altar of Zin.
  2807 | D:4      | Noticed an angel
  2849 | D:4      | Became a worshipper of Beogh the Shepherd
  2967 | D:4      | Found a glowing drain.
  2976 | Sewer    | Entered a sewer
  3056 | Sewer    | Reached XP level 7. HP: 50/60 MP: 9/9
  3061 | Sewer    | Reached skill level 6 in Axes
  3227 | Sewer    | Reached skill level 5 in Fighting
  3227 | Sewer    | Reached skill level 5 in Armour
  3318 | D:4      | Reached skill level 5 in Shields
  3357 | D:4      | Reached * piety under Beogh
  3508 | D:4      | Reached XP level 8. HP: 65/68 MP: 11/11
  3544 | D:4      | Reached skill level 7 in Axes
  3834 | D:5      | Entered Level 5 of the Dungeon
  3841 | D:5      | Found a hide-covered altar of Uskayaw.
  3968 | D:5      | Found a snail-covered altar of Cheibriados.
  4185 | D:5      | Found a hazy altar of Hepliaklqana.
  4213 | D:5      | Found a bloodstained altar of Trog.
  4304 | D:5      | Reached skill level 5 in Invocations
  4417 | D:5      | Found a glowing golden altar of the Shining One.
  4914 | D:6      | Found a staircase to the Ecumenical Temple.
  4983 | D:6      | Noticed Sigmund
  4991 | D:6      | Killed Sigmund
  4992 | D:6      | Reached skill level 8 in Axes
  5013 | D:6      | Identified the +1 robe of Qenen {-Tele +Inv rF+ rCorr SInv}
  5029 | D:6      | Noticed Grinder
  5040 | D:6      | Killed Grinder
  5266 | D:6      | Found Fuac's Lightly-Used Armoury.
  5286 | D:6      | Reached XP level 9. HP: 49/75 MP: 13/13
  5449 | D:6      | Noticed Eustachio
  5459 | D:6      | Killed Eustachio
  5484 | D:6      | Reached skill level 9 in Axes
  5509 | D:6      | Reached ** piety under Beogh
  5593 | D:6      | Noticed Menkaure
  5599 | D:6      | Killed Menkaure
  5625 | D:6      | Found a stormy altar of Qazlal.
  5837 | D:7      | Noticed Jeremiah
  5933 | D:7      | Killed Jeremiah
  6367 | D:7      | Reached skill level 10 in Axes
  6737 | D:8      | Noticed Maggie
  6748 | D:8      | Killed Maggie
  6749 | D:8      | Reached XP level 10. HP: 75/86 MP: 15/15
  6931 | D:8      | Reached skill level 11 in Axes
  7031 | D:8      | Found a staircase to the Lair.
  7073 | D:8      | Noticed a two-headed ogre
  7082 | D:8      | Killed a two-headed ogre
  7120 | D:8      | Reached *** piety under Beogh
  7206 | D:8      | Identified the +3 dagger of Innocence {freeze, *Corrode Fly
                  | rPois rC++}
  7206 | D:8      | Noticed Spirok
  7243 | D:8      | Anointed Spirok the wizard as your apostle
  7418 | D:8      | Found a basalt altar of Yredelemnul.
  7886 | D:9      | Reached skill level 12 in Axes
  8119 | D:9      | Found a broken altar of Ashenzari.
  8243 | D:9      | Reached XP level 11. HP: 45/95 MP: 17/17
  8552 | D:9      | Noticed a boulder beetle
  8575 | D:9      | Killed a boulder beetle
  8958 | D:9      | Identified the +4 great sword of Immorality {protect, rF+
                  | Dex+2}
  8958 | D:9      | Noticed Bolgrim
  8980 | D:9      | Anointed Bolgrim the warrior as your apostle
  9124 | D:9      | Found a staircase to the Orcish Mines.
  9141 | D:9      | Found a roughly hewn altar of Beogh.
  9282 | D:10     | Entered Level 10 of the Dungeon
  9340 | D:10     | Noticed Maurice
  9342 | D:10     | Maurice stole a ring of wizardry
  9348 | D:10     | Killed Maurice
  9420 | D:10     | Noticed Snorg
  9420 | D:10     | Noticed a deep elf pyromancer
  9430 | D:10     | Killed Snorg
  9432 | D:10     | Killed a deep elf pyromancer
  9687 | D:10     | Reached skill level 13 in Axes
 10226 | D:10     | Reached **** piety under Beogh
 10349 | D:10     | Found a sacrificial altar of Ru.
 10423 | Lair:1   | Entered Level 1 of the Lair of Beasts
 10493 | Lair:1   | Reached skill level 10 in Invocations
 10617 | Lair:1   | Noticed Urug
 10633 | Lair:1   | Killed Urug
 10644 | Lair:1   | Noticed a catoblepas
 10648 | Lair:1   | Reached XP level 12. HP: 67/105 MP: 19/19
 10654 | Lair:1   | Slain by a cane toad

Illustrated notes

Levels and vault maps discovered:
D:1:      dpeg_arrival_chambers_temple_mockup, layout_basic, serial_shops,
          nicolae_lakefront_shop, skrybe_limestone_x,
          chequers_serial_rivers_micro_a, nicolae_the_louvre
D:2:      layout_basic
D:3:      layout_basic, overflow_temple_1_default,
          hangedman_abyss_or_decor_stabs, guppyfry_early_orc_mine
D:4:      layout_basic, zin_angel, serial_glass, glass_columns_a,
          glass_columns_a, cheibrodos_sewer_entry_sluice, uniq_duvessa,
          uniq_robin
D:5:      layout_loops_ring, old_standard_altar, mainiacjoe_overflow_two_lobes,
          mainiacjoe_overflow_surrounded_room, tso_metal_star,
          kennysheep_minor_cross, minmay_misc_feat_iff
D:6:      layout_loops_cross, nicolae_qazlal_general_emergency,
          minmay_temple_entry_offerings, minmay_shop_damaged, uniq_menkaure,
          uniq_grinder, uniq_eustachio, uniq_sigmund
D:7:      layout_loops_ring, minmay_misc_feat_plants, chequers_mini_garden,
          chequers_serial_rivers_marsh, chequers_serial_rivers_small_3,
          uniq_jeremiah
D:8:      layout_rooms, lemuel_zombie_altar_yredelemnul,
          hellmonk_lair_entry_icy, minmay_door_square, uniq_maggie
D:9:      layout_long_grid, nicolae_ashenzari_panopticon,
          minmay_orc_entry_temple_small, minmay_checkerbox
D:10:     layout_roguey, kennysheep_mini, nicolae_water_bricks, uniq_snorg,
          uniq_maurice
Lair:1:   layout_gridlike, serial_bayou_shore_b, uniq_urug, uniq_harold

Skill      XL: |  1  2  3  4  5  6  7  8  9 10 11 |
---------------+----------------------------------+-----
Axes           | 3 4 5 6 8 10 12 13 | 13.8
Invocations    | 1 2 3 4 5 7 8 10 | 10.2
Armour         | 4 5 6 7 8 9 |  9.6
Fighting       | 4 5 6 7 8 9 |  9.6
Shields        | 4 5 6 7 8 9 |  9.3

Action                     |  1- 3 |  4- 6 |  7- 9 | 10-12 || total
---------------------------+-------+-------+-------+-------++-------
  Melee: War axe           |   136 |    24 |       |       ||   160
         Whip              |       |    85 |   291 |   333 ||   709
  Throw: Dart              |       |       |     8 |     6 ||    14
 Invoke: Convert to Beogh  |       |     1 |       |       ||     1
         Recruit Apostle   |       |       |       |     2 ||     2
         Smiting           |       |       |       |     2 ||     2
         Recall Apostles   |       |       |       |     1 ||     1
  Evoke: Wand              |       |       |     3 |     6 ||     9
    Use: Scroll            |       |     2 |    10 |     2 ||    14
         Potion            |       |     1 |     5 |     5 ||    11
   Stab: Distracted        |       |       |       |     5 ||     5
 Armour: Scale mail        |   101 |     9 |       |       ||   110
         Chain mail        |       |   103 |   247 |   257 ||   607
  Dodge: Dodged            |    70 |    47 |    99 |    59 ||   275
  Block: Buckler           |    32 |    40 |    48 |    12 ||   132
         Kite shield       |       |       |       |   136 ||   136

Table legend: (Time is in decaauts)
 A = Elapsed time spent in this place.
 B = Non-inter-level travel time spent in this place.
 C = Inter-level travel time spent in this place.
 D = Time resting spent in this place.
 E = Time spent auto-exploring this place.
 F = Levels seen in this place.
 G = Mean time per level.
                   A        B        C        D        E       F      G
               +--------+--------+--------+--------+--------+-----+--------+
         Total |  10669 |  10231 |    438 |   1731 |   6488 |  12 |  889.1 |
       Dungeon |  10113 |   9676 |    437 |   1629 |   6207 |  10 | 1011.3 |
          Lair |    221 |    221 |      0 |     11 |    131 |   1 |  221.0 |
         Sewer |    334 |    334 |      0 |     91 |    150 |   1 |  334.0 |
               +--------+--------+--------+--------+--------+-----+--------+

Top non-repeatable levels by time:
     D:9: 1465 daAuts
     D:3: 1139 daAuts
     D:8: 1137 daAuts
    D:10: 1101 daAuts
     D:5: 1035 daAuts
     D:6: 933 daAuts
     D:2: 931 daAuts
     D:7: 885 daAuts
     D:1: 743 daAuts
     D:4: 739 daAuts
   Sewer: 334 daAuts
  Lair:1: 221 daAuts
